 Dungeon Crawl Stone Soup version 0.18.1-50-g88ac8fd (webtiles) character file.

2118 go0n the Basher (level 9, -4/92 HPs)
             Began as a Troll Berserker on Sept 21, 2016.
             Was a High Priest of Trog.
             Splashed by a brown ugly thing's acid (8 damage)
             ... on level 7 of the Dungeon.
             The game lasted 00:31:51 (7157 turns).

go0n the Basher (Troll Berserker)                   Turns: 7157, Time: 00:31:52

Health: -4/92      AC: -5    Str: 33 (34) XL:     9   Next: 8%
Magic:  7/7        EV: 10    Int:  2 (3)  God:    Trog [*****.]
Gold:   384        SH:  0    Dex:  9 (10) Spells: 0 memorised, 8 levels left

rFire  + . .     SeeInvis .     a - +1 mace
rCold  x . .     Gourm    +     b - +1 animal skin
rNeg   . . .     Faith    .     (no shield)
rPois  .         Spirit   .     (helmet restricted)
rElec  .         Dismiss  .     j - +0 cloak
rCorr  .         Reflect  .     (gloves unavailable)
SustAt .         Harm     .     (boots unavailable)
MR     .....                    e - amulet of rage
Stlth  +.........               C - +4 ring of slaying
                                o - ring of fire

@: mighty, corroded, not resistant to hostile enchantments, very unstealthy
A: unfitting armour, claws 3, deterioration 2, fast metabolism 3, gourmand, low
mp 1, regeneration 2, shaggy fur 1, tough skin 2, evolution 1, MP-powered wands
a: Berserk, Trog's Hand, Brothers in Arms, Burn Spellbooks, Renounce Religion,
Evoke Berserk Rage


You were on level 7 of the Dungeon.
You worshipped Trog.
Trog was extremely pleased with you.
You were full.

You visited 1 branch of the dungeon, and saw 7 of its levels.
You also visited: Sewer.

You collected 384 gold pieces.

Inventory:

Hand Weapons
 a - a +1 mace (weapon)
 h - a -2 flail
 l - a +0 giant spiked club
 q - a +0 morningstar
 t - a +0 giant spiked club
 x - a +2 flail of freezing
 G - a +0 mace
Missiles
 i - 3 javelins
 m - 7 javelins of penetration (quivered)
 n - 3 large rocks
 r - 22 poisoned needles
 y - 2 throwing nets
 A - 8 javelins of returning
Armour
 b - a +1 animal skin (worn)
 j - a +0 cloak (worn)
Jewellery
 e - an amulet of rage (around neck)
 o - a ring of fire (left claw)
 C - a +4 ring of slaying (right claw)
Wands
 g - a wand of lightning (3/15)
 p - a wand of confusion (29/48)
 B - a wand of polymorph (15/24)
 D - a wand of iceblast (12/15)
 J - a wand of lightning (6/15)
 K - a wand of lightning (7/15)
Scrolls
 k - 3 scrolls of enchant armour
 v - a scroll of blinking
 E - a scroll of random uselessness
 F - a scroll of recharging
 I - a scroll of fear
 M - a scroll of remove curse
Potions
 d - 2 potions of brilliance
 u - 2 potions of flight
 L - a potion of agility {unknown}
Comestibles
 c - 4 bread rations
 f - 2 slices of pizza
 w - 4 fruits
 z - a beef jerky
 H - a meat ration


   Skills:
 + Level 6.7 Fighting
 * Level 9.1 Maces & Flails
 - Level 2.4 Dodging


You had 8 spell levels left.
You didn't know any spells.

Dungeon Overview and Level Annotations

Branches:
Dungeon (7/15)             Temple (0/1) D:5

Altars:
Ashenzari
Gozag
Makhleb
Pakellas
Qazlal
Vehumet
Yredelemnul
Zin
The Shining One

Shops:
D:5 (


Innate Abilities, Weirdness & Mutations

You are too large for most types of armour.
You have claws for hands.
Your metabolism is lightning-fast.
You like to eat raw meat.
You heal very quickly.
You are covered in fur (AC +1).
You have very tough skin (AC +2).
Your body often deteriorates upon taking damage.
Your magical capacity is low (-10% MP).
You evolve.
You expend magic power (3 MP) to strengthen your wands.


Message History

Your body deteriorates!
You feel dopey.
You are splashed with acid!
The acid burns!
* * * LOW HITPOINT WARNING * * *
You hit the brown ugly thing but do no damage.
The brown ugly thing is lightly wounded.
The brown ugly thing tail-slaps you.
* * * LOW HITPOINT WARNING * * *
You are splashed with acid!
The acid corrodes you!
The acid burns!
* * * LOW HITPOINT WARNING * * *
The brown ugly thing tail-slaps you.
* * * LOW HITPOINT WARNING * * *
You are splashed with acid!
The acid burns!
* * * LOW HITPOINT WARNING * * *
Drink which item? (? for menu, Esc to quit)
It was a potion of might.
You feel very mighty all of a sudden. The brown ugly thing tail-slaps you!
* * * LOW HITPOINT WARNING * * *
You are splashed with acid!
The acid burns!
You die...

##....# #.# #.#
##.### #.# #.# ##.##
#.# #.# #.## #.# #.#
.## # #.# #.# ## ..
#. #.# ... #.## ##.#
##.......###..####..#
.>.............u@...#
##### ##...########.#
# #. #.# # #.# # #.#
# #.# # .# . #


You could see a brown ugly thing.

Vanquished Creatures
  2 orc warriors
  A necrophage (D:7)
  2 ogres
  A sky beast (D:5)
  A big kobold (Sewer)
  2 giant frogs (D:6)
  2 scorpions (D:4)
  5 wights (D:6)
  A howler monkey (D:5)
  2 crimson imps
  A giant frog zombie (D:5)
  3 hounds
  A centaur zombie (D:7)
  A jelly (D:5)
  2 orc priests (D:4)
  A centaur skeleton (D:6)
  3 iguanas
  6 orc wizards
  4 worker ants
  The ghost of Lordbass the Cudgeler, a weakling TrBe of Trog (D:5)
  A hound zombie (D:7)
  A worker ant zombie (D:7)
  4 gnolls (D:6)
  A howler monkey skeleton (D:6)
  8 adders
  2 river rats (D:6)
  3 shadow imps
  2 oozes
  An adder zombie (D:6)
  3 worms
  2 dart slugs
  2 giant geckos
  24 orcs
  6 ball pythons
  6 giant cockroaches
  6 goblins
  7 hobgoblins
  14 jackals
  12 kobolds
  5 quokkas
  9 bats
  A giant cockroach zombie (D:6)
  2 giant gecko skeletons (D:4)
  6 giant newts
  A jackal skeleton (D:4)
  13 rats
  A spectral orc (D:2)
  A bush (D:3)
186 creatures vanquished.

Vanquished Creatures (others)
  A sphinx (D:6)
  A bush (D:3)
2 creatures vanquished.

Grand Total: 188 creatures vanquished

Notes
Turn   | Place    | Note
--------------------------------------------------------------
     0 | D:1      | go0n the Troll Berserker began the quest for the Orb.
     0 | D:1      | Reached XP level 1. HP: 22/22 MP: 0/0
   242 | D:1      | Reached XP level 2. HP: 18/29 MP: 1/1
   611 | D:1      | Reached skill level 3 in Maces & Flails
   963 | D:2      | Reached XP level 3. HP: 36/37 MP: 2/2
   980 | D:2      | Reached ** piety under Trog
  1040 | D:2      | Found a basalt altar of Yredelemnul.
  1549 | D:2      | Found a burning altar of Makhleb.
  1550 | D:2      | Noticed a blizzard demon
  1551 | D:2      | Found a glowing silver altar of Zin.
  1552 | D:2      | Noticed an angel
  1848 | D:3      | Found a glowing golden altar of the Shining One.
  1949 | D:3      | Reached XP level 4. HP: 39/45 MP: 3/3
  2262 | D:3      | Reached *** piety under Trog
  2351 | D:3      | Found an opulent altar of Gozag.
  3146 | D:4      | Reached skill level 4 in Maces & Flails
  3161 | D:4      | Reached XP level 5. HP: 34/54 MP: 4/4
  3509 | D:4      | Noticed an ogre
  3519 | D:4      | Killed an ogre
  3519 | D:4      | Reached XP level 6. HP: 56/63 MP: 5/5
  3605 | D:4      | Reached skill level 5 in Maces & Flails
  3677 | D:4      | Found a shattered altar of Ashenzari.
  3882 | D:4      | Reached **** piety under Trog
  3889 | D:4      | Received a gift from Trog
  4120 | D:4      | Reached XP level 7. HP: 67/71 MP: 6/6
  4264 | D:5      | Entered Level 5 of the Dungeon
  4264 | D:5      | Noticed Lordbass's ghost (weakling TrBe)
  4274 | D:5      | Killed Lordbass's ghost
  4274 | D:5      | Reached skill level 5 in Fighting
  4345 | D:5      | Found a staircase to the Ecumenical Temple.
  4410 | D:5      | Found a radiant altar of Vehumet.
  4577 | D:5      | Reached skill level 6 in Maces & Flails
  4647 | D:5      | Found Boosmy's Antique Weapon Emporium.
  5213 | D:6      | Gained mutation: You evolve. [potion of mutation]
  5213 | D:6      | Gained mutation: Your magical capacity is low (-10% MP). [potion of mutation]
  5213 | D:6      | Gained mutation: You expend magic power (3 MP) to strengthen your wands. [potion of mutation]
  5299 | D:6      | Found an oddly glowing altar of Pakellas.
  5299 | D:6      | Found a stormy altar of Qazlal.
  5318 | D:6      | Found a glowing drain.
  5354 | Sewer    | Entered a sewer
  5475 | Sewer    | Found a white marble altar of Elyvilon.
  5633 | D:6      | Reached skill level 7 in Maces & Flails
  5633 | D:6      | Reached XP level 8. HP: 51/83 MP: 6/6
  5923 | D:6      | Gained mutation: Your body sometimes deteriorates upon taking damage. [evolution]
  5929 | D:6      | Gained mutation: Your mind is acute. (Int +2) [potion of mutation]
  5929 | D:6      | Lost mutation: Your mind is acute. (Int +2) [potion of mutation]
  5929 | D:6      | Gained mutation: Your body often deteriorates upon taking damage. [potion of mutation]
  6054 | D:6      | Found an oddly glowing altar of Pakellas.
  6055 | D:6      | Noticed a sphinx
  6062 | D:6      | Killed a sphinx
  6178 | D:6      | Reached skill level 8 in Maces & Flails
  6228 | D:6      | Reached ***** piety under Trog
  6616 | D:7      | Reached XP level 9. HP: 16/92 MP: 3/7
  6631 | D:7      | Reached skill level 9 in Maces & Flails
  7145 | D:7      | Noticed a brown ugly thing
  7157 | D:7      | HP: 4/92 [brown ugly thing (9)]
  7157 | D:7      | Splashed by a brown ugly thing's acid

Skill      XL: |  1  2  3  4  5  6  7  8  9 |
---------------+----------------------------+-----
Maces & Flails | 3 4 5 7 8 9 |  9.1
Fighting       | 3 4 5 6 |  6.7
Dodging        | |  2.4

Action                   |  1- 3 |  4- 6 |  7- 9 || total
-------------------------+-------+-------+-------++-------
Melee: Mace              |   177 |   299 |   295 ||   771
Throw: Large rock        |       |     3 |     1 ||     4
       Javelin           |       |       |     1 ||     1
Invok: Trog's Hand       |     1 |       |     4 ||     5
       Berserk           |     1 |       |     2 ||     3
       Burn Spellbooks   |       |       |     1 ||     1
Evoke: Wand              |       |       |     1 ||     1
  Use: Scroll            |     6 |     5 |     3 ||    14
       Potion            |     1 |     3 |     9 ||    13
 Stab: Sleeping          |     1 |       |       ||     1
  Eat: Chunk             |    19 |    26 |    25 ||    70
       Fruit             |       |     1 |       ||     1
       Bread ration      |       |       |     1 ||     1
Armor: Animal skin       |    77 |    98 |    82 ||   257
       Skin              |       |     3 |       ||     3
Dodge: Dodged            |    86 |   145 |   136 ||   367
